 Dungeon Crawl Stone Soup version 0.29.0-10-g45618ea6d2 (webtiles) character file.

Game seed: 12884386974007093776

74 oldmanjim the Stinger (level 4, -25/35 HPs)
             Began as a Palentonga Venom Mage on Sept 2, 2022.
             Was a Believer of Makhleb.
             Killed by an exploding hound (33 damage)
             ... ignited by their inner flame
             ... on level 5 of the Dungeon.
             The game lasted 00:16:30 (3362 turns).

oldmanjim the Stinger (Palentonga Venom Mage)       Turns: 3362, Time: 00:16:31

Health: -25/35     AC:  6    Str: 15    XL:     4   Next: 9%
Magic:  7/7        EV:  8    Int: 16    God:    Makhleb [**....]
Gold:   179        SH:  0    Dex: 10    Spells: 6/7 levels left

rFire   . . .      SeeInvis +   a - +1 whip (venom)
rCold   . . .      Faith    .   (no shield)
rNeg    . . .      Spirit   .   s - +0 ring mail
rPois   .          Reflect  .   (no helmet)
rElec   .          Harm     .   (no cloak)
rCorr   .          Rampage  .   r - +0 pair of gloves
Will    .....                   (no barding)
Stlth   +.........              (no amulet)
HPRegen 0.11/turn               (no ring)
MPRegen 0.10/turn               (no ring)

@: no status effects
A: large, rugged brown scales 3, see invisible, deformed body, roll 1, armoured
tail
a: Rolling Charge, Renounce Religion, Minor Destruction


You were on level 5 of the Dungeon.
You worshipped Makhleb.
Makhleb was pleased with you.
You visited 1 branch of the dungeon, and saw 4 of its levels.

You collected 179 gold pieces.

Inventory:

Hand Weapons
 a - a +1 whip of venom (weapon)
 b - a +0 dagger
 l - a +0 short sword
Missiles
 g - 12 stones
 k - 6 poisoned darts (quivered)
 p - 4 boomerangs
Armour
 c - a +0 robe
 r - a +0 pair of gloves (worn)
 s - a +0 ring mail (worn)
Scrolls
 d - 3 scrolls of identify
 i - a scroll of teleportation
 n - a scroll of noise {unknown}
 o - a scroll of vulnerability {unknown}
 q - a scroll of poison {unknown}
 t - a scroll of brand weapon {unknown}
 u - a scroll of fog {unknown}
Potions
 e - 4 potions of curing
 f - a potion of magic
 h - a potion of flight {unknown}
 j - a potion of attraction {unknown}


   Skills:
 + Level 1.7 Fighting
 - Level 1.5 Dodging
 - Level 1.2 Stealth
 + Level 2.4 Spellcasting
 - Level 2.0 Transmutations
 - Level 3.0 Poison Magic
 + Level 1.0 Invocations


You had 6 spell levels left.
You knew the following spells:

 Your Spells              Type           Power      Damage    Failure   Level
a - Sting                 Tmut/Pois      36%        1d4       14%         1

Your spell library contained the following spells:

 Spells                   Type           Power      Damage    Failure   Level
 Wereblood                Tmut           8%         N/A       26%         2
 Poisonous Vapours        Pois/Air       12%        N/A       32%         2
 Sublimation of Blood     Necr           1%         N/A       52%         2
 Mephitic Cloud           Conj/Pois/Air  5%         N/A       61%         3
 Olgreb's Toxic Radiance  Pois           11%        N/A       75%         4
 Summon Hydra             Summ           0%         N/A       100%        7


Dungeon Overview and Level Annotations

Branches:
Dungeon (3/15)

Altars:
Makhleb
Yredelemnul


Innate Abilities, Weirdness & Mutations

You are completely covered in rugged brown scales. (AC +3, +7% HP)
You have supernaturally acute eyesight. (SInv)
Armour fits poorly on your strangely shaped body.
You can roll at nearby foes to attack.
You have a long armoured tail.


Message History

The creatures around you are filled with an inner flame!
It was a scroll of immolation.
The hound barely misses you.
You miss the hound. The hound bites you but does no damage.
The jackal misses you. The hound barely misses you.
You barely miss the jackal. The jackal barely misses you.
The hound barely misses you.
An orc comes into view. It is wielding a +0 whip.
You closely miss the jackal.
The orc shouts!
The hound bites you but does no damage.
An ufetubus comes into view.
The jackal bites you but does no damage.
The hound bites you.
The jackal bites you but does no damage.
The hound attacks as you move away! The hound bites you but does no damage.
The ufetubus shouts!
You hear a shout!
The jackal bites you but does no damage.
The scorpion stings you.
You hit the jackal.
Flame seeps out of the jackal.
The jackal is almost dead.
The hound bites you.
The jackal is engulfed in blazing flames.
Makhleb accepts your kill.
The jackal explodes!
The fiery explosion engulfs you!!
Ouch! That really hurt!
* * * LOW HITPOINT WARNING * * *
The fiery explosion engulfs the scorpion!!
Flame seeps out of the scorpion.
The scorpion is almost dead.
The fiery explosion engulfs the yak!!
Flame seeps out of the yak.
The yak is almost dead.
The fiery explosion engulfs the hound!!
Makhleb accepts your kill.
The hound explodes!
The fiery explosion engulfs the scorpion!!
Makhleb accepts your kill.
You feel better. The fiery explosion engulfs you!!
Ouch! That really hurt!
You die...

####..).##+..
.
#......#...###
#.##.......#
#.##.......#
###.#..#...#.#
#...w.##.#...#
##Y..###
..##+. ##§○§##
#.# #.@.## .#
#.o...###
....5..
...).## .....
###. #


You could see a yak (inner flame), a worm (inner flame), an orc and an ufetubus.

Vanquished Creatures
  A scorpion (D:5)
  A hound (D:5)
  A worm (D:2)
  6 endoplasms
  2 giant cockroaches
  3 goblins
  6 hobgoblins
  10 jackals
  9 kobolds
  3 quokkas
  7 ball pythons
  4 bats
  11 frilled lizards
  4 rats
68 creatures vanquished.

Vanquished Creatures (others)
  5 plants (D:1)
5 creatures vanquished.

Grand Total: 73 creatures vanquished

Notes
Turn   | Place    | Note
-------+----------+-------------------------------------------
     0 | D:1      | oldmanjim the Palentonga Venom Mage began the quest for the
                  | Orb.
     0 | D:1      | Reached XP level 1. HP: 13/13 MP: 3/3
   472 | D:1      | Reached XP level 2. HP: 18/21 MP: 1/5
   534 | D:1      | Reached skill level 1 in Fighting
  1004 | D:1      | Reached XP level 3. HP: 24/27 MP: 4/6
  1204 | D:1      | Found a faded altar of an unknown god.
  1215 | D:1      | Reached skill level 3 in Poison Magic
  1281 | D:1      | Prayed at the altar of an unknown god.
  1281 | D:1      | Became a worshipper of Makhleb the Destroyer
  1281 | D:1      | Reached * piety under Makhleb
  2966 | D:3      | Reached ** piety under Makhleb
  3096 | D:3      | Reached XP level 4. HP: 35/35 MP: 7/7
  3263 | D:3      | Reached skill level 1 in Invocations
  3310 | D:3      | You fall into a shaft and drop 2 floors!
  3310 | D:5      | Entered Level 5 of the Dungeon
  3310 | D:5      | Found a basalt altar of Yredelemnul.
  3322 | D:5      | Noticed an ice beast
  3329 | D:5      | Noticed an orc warrior
  3336 | D:5      | Noticed a gnoll sergeant
  3342 | D:5      | Noticed a yak
  3342 | D:5      | Noticed a scorpion
  3362 | D:5      | Killed a scorpion
  3362 | D:5      | Killed by an exploding hound... ignited by their inner
                  | flame

Illustrated notes

Levels and vault maps discovered:
D:1:      dpeg_arrival_oval, layout_basic, basic_ecumenical_altar,
          chequers_serial_rivers_micro_a, minmay_lizard_king
D:2:      layout_loops_ring
D:3:      layout_basic, chequers_serial_rivers_marsh, minmay_quantized
D:5:      layout_rooms, kennysheep_ying_yang, fedhas_altar_1,
          gammafunk_ghost_hive, minmay_fractal_squares_diagonal_5, uniq_grinder

Skill      XL: |  1  2  3  4 |
---------------+-------------+-----
Fighting       | 1 |  1.7
Transmutations | 2 |  2.0
Poison Magic   | 3 |  3.0
Invocations    | 1 |  1.0
Dodging        | |  1.5
Stealth        | |  1.2
Spellcasting   | |  2.4

Action                   |  1- 3 |  4- 6 || total
-------------------------+-------+-------++-------
Melee: Unarmed           |    12 |       ||    12
       Tailslap          |    15 |     2 ||    17
       Dagger            |    94 |       ||    94
       Short sword       |     1 |       ||     1
       Whip              |    50 |    18 ||    68
 Cast: Sting             |    24 |       ||    24
 Abil: Rolling Charge    |     7 |     1 ||     8
  Use: Scroll            |       |     3 ||     3
 Stab: Sleeping          |     1 |       ||     1
Armor: Robe              |    37 |       ||    37
       Leather armour    |    18 |       ||    18
       Ring mail         |     3 |    21 ||    24
Dodge: Dodged            |    84 |    16 ||   100
